[Event "4NCL 2019-20"]
[Site "Daventry"]
[Date "2020.02.08"]
[Round "5"]
[White "Bridgeman, Niamh"]
[Black "Jaufarally, Nadia"]
[Result "1/2-1/2"]
[ECO "D03"]
[WhiteElo "1665"]
[BlackElo "1928"]
[Annotator "NA"]
[PlyCount "94"]
[EventDate "2020.01.11"]
[EventCountry "ENG"]
[SourceTitle "playchess.com"]
[Source "ChessBase"]
[SourceQuality "1"]
[TimeControl "40/6000:3000+30"]

1. d4 Nf6 2. Nf3 g6 3. Bg5 Bg7 4. Nbd2 d5 5. e3 O-O 6. Bd3 Nbd7 7. O-O b6 8. c3 Bb7 9. Qb1 c5 10. a4 Qe8 11. b4 e5 12. Bb5 Ne4 13. Nxe4 dxe4 14. Nxe5 Bxe5 15. dxe5 Qxe5 16. Bf4 Qe6 17. Bxd7 Qxd7 18. Rd1 Qc8 19. bxc5 bxc5 20. Bd6 Rd8 21. Qb5 c4 22. Rab1 Ba6 23. Qd5 Qf5 24. Qc6 Qa5 25. Bc7 Rxd1+ 26. Rxd1 Rc8 27. Qxg6+ hxg6 28. Bxa5 Rb8 29. Rd8+ Rxd8 30. Bxd8 f5 31. Bf6 Bb7 32. a5 a6 33. h4 Kf7 34. Bd4 Bc6 35. Kh2 Ke6 36. Kg3 Be8 37. Kf4 Ba4 38. f3 Bc2 39. fxe4 Bxe4 40. g4 Bd3 41. h5 fxg4 42. h6 g5+ 43. Kxg4 Be4 44. Kxg5 Bh7 45. Kf4 Kd5 46. Kg5 Ke6 47. Bb6 Bd3 1/2-1/2

[Event "4NCL 2019-20"]
[Site "Daventry"]
[Date "2020.02.09"]
[Round "6"]
[White "Gormally, Daniel W"]
[Black "Kanyamarala, Tarun"]
[Result "0-1"]
[ECO "E20"]
[WhiteElo "2508"]
[BlackElo "2349"]
[Annotator "ChessBase"]
[PlyCount "56"]
[EventDate "2020.01.11"]
[EventCountry "ENG"]
[SourceTitle "playchess.com"]
[Source "ChessBase"]
[SourceQuality "1"]
[TimeControl "40/6000:3000+30"]

1. d4 Nf6 2. Nf3 e6 3. c4 d5 4. Nc3 Bb4 5. g3 dxc4 6. Bg2 O-O 7. O-O Nc6 8. a3 Bxc3 9. bxc3 Rb8 10. Qc2 b6 11. e4 h6 12. Nd2 e5 13. d5 Na5 14. a4 c6 15. Ba3 Re8 16. Rad1 cxd5 17. exd5 Bg4 18. f3 Bh5 19. Ne4 Nxe4 20. fxe4 Bxd1 21. Qxd1 Nb7 22. Qh5 Qc7 23. g4 Rbd8 24. h4 Nc5 25. g5 Rd6 26. Bc1 Nd3 27. Be3 Nf4 28. Qf3 Rg6 0-1

[Event "4NCL 2019-20"]
[Site "Daventry"]
[Date "2020.02.09"]
[Round "6"]
[White "Cyborowski, Lukasz"]
[Black "Fitzsimons, David"]
[Result "1/2-1/2"]
[ECO "D75"]
[WhiteElo "2505"]
[BlackElo "2328"]
[Annotator "ChessBase"]
[PlyCount "83"]
[EventDate "2020.01.11"]
[EventCountry "ENG"]
[SourceTitle "playchess.com"]
[Source "ChessBase"]
[SourceQuality "1"]
[TimeControl "40/6000:3000+30"]

1. Nf3 Nf6 2. c4 g6 3. g3 Bg7 4. Bg2 O-O 5. O-O c5 6. d4 cxd4 7. Nxd4 d5 8. cxd5 Nxd5 9. Nc3 Nxc3 10. bxc3 Nc6 11. Nxc6 bxc6 12. Bxc6 Bh3 13. Qxd8 Raxd8 14. Bg2 Bxg2 15. Kxg2 Bxc3 16. Rb1 Rd7 17. Rb3 Rc8 18. Be3 Bf6 19. Ra3 Rc2 20. Kf3 h5 21. Rb1 Rc3 22. Rb8+ Kg7 23. Rxc3 Bxc3 24. Ra8 a5 25. Ra7 Rxa7 26. Bxa7 f5 27. Ke3 e5 28. Kd3 Be1 29. a4 Kf6 30. Bb6 g5 31. Kc4 f4 32. e4 fxe3 33. Bxe3 Kf5 34. Kd5 e4 35. h3 g4 36. hxg4+ hxg4 37. Bd4 Bb4 38. Bb6 Be1 39. Bc5 Bd2 40. Be3 Be1 41. Bb6 Bb4 42. Be3 {[%emt 0:03:03] Ke5+ Kxe4+} 1/2-1/2

[Event "4NCL 2019-20"]
[Site "Daventry"]
[Date "2020.02.09"]
[Round "6"]
[White "Arkell, Keith C"]
[Black "Bremner, Adam"]
[Result "1/2-1/2"]
[ECO "A16"]
[WhiteElo "2460"]
[BlackElo "2148"]
[Annotator "ChessBase"]
[PlyCount "101"]
[EventDate "2020.01.11"]
[EventCountry "ENG"]
[SourceTitle "playchess.com"]
[Source "ChessBase"]
[SourceQuality "1"]
[TimeControl "40/6000:3000+30"]

1. c4 Nf6 2. Nc3 d5 3. cxd5 Nxd5 4. g3 g6 5. Bg2 Nb6 6. d3 Bg7 7. Be3 e5 8. Qd2 h5 9. h3 Nc6 10. Bxc6+ bxc6 11. Nf3 Nd5 12. d4 exd4 13. Bxd4 O-O 14. Bxg7 Kxg7 15. Qd4+ f6 16. O-O-O Qe7 17. g4 Nxc3 18. Qxc3 hxg4 19. hxg4 Bxg4 20. Ng5 Rh8 21. f3 Bf5 22. e4 Be6 23. Kb1 Rxh1 24. Rxh1 Rh8 25. Nxe6+ Qxe6 26. Rc1 Rh3 27. Qe3 a5 28. a4 g5 29. Rg1 Qe5 30. Rg2 Rh1+ 31. Kc2 Rh2 32. Rxh2 Qxh2+ 33. Kb3 Qd6 34. Kc2 Qh2+ 35. Kc3 Qd6 36. Qd4 Qf4 37. Qd3 Qe5+ 38. Kc2 Qc5+ 39. Qc3 Qf2+ 40. Kb1 Qg1+ 41. Ka2 Qb6 42. Qd3 Qc5 43. Qd7+ Kh6 44. Qe6 Kg7 45. Qd7+ Kh6 46. Qd3 Kg7 47. Qb3 Qd4 48. Qc2 c5 49. b3 Qe3 50. Qd1 Qc3 51. Qd7+ 1/2-1/2

[Event "4NCL 2019-20"]
[Site "Daventry"]
[Date "2020.02.09"]
[Round "6"]
[White "Bulmaga, Irina"]
[Black "O'Donnell, Conor"]
[Result "1/2-1/2"]
[ECO "B12"]
[WhiteElo "2453"]
[BlackElo "2307"]
[Annotator "ChessBase"]
[PlyCount "63"]
[EventDate "2020.01.11"]
[EventCountry "ENG"]
[SourceTitle "playchess.com"]
[Source "ChessBase"]
[SourceQuality "1"]
[TimeControl "40/6000:3000+30"]

1. e4 c6 2. d4 d5 3. e5 c5 4. dxc5 e6 5. a3 Bxc5 6. b4 Be7 7. Nf3 Nd7 8. Bb2 a5 9. b5 Nh6 10. Bd3 f6 11. O-O Nf7 12. c4 fxe5 13. Bc2 e4 14. cxd5 exd5 15. Nd4 Nf6 16. f3 exf3 17. Qxf3 Nd6 18. Nd2 O-O 19. Qg3 Nde4 20. Nxe4 dxe4 21. Kh1 Bd6 22. Qh4 Qe7 23. Rae1 Bd7 24. Nf3 Bxb5 25. Ng5 Bxf1 26. Rxe4 Qc7 27. Rc4 Qxc4 28. Bxh7+ Kh8 29. Be4+ Kg8 30. Bh7+ Kh8 31. Be4+ Kg8 32. Bh7+ 1/2-1/2

[Event "4NCL 2019-20"]
[Site "Daventry"]
[Date "2020.02.09"]
[Round "6"]
[White "Suarez Real, Alberto"]
[Black "McPhillips, Joseph"]
[Result "1-0"]
[ECO "C06"]
[WhiteElo "2449"]
[BlackElo "2434"]
[Annotator "ChessBase"]
[PlyCount "59"]
[EventDate "2020.01.11"]
[EventCountry "ENG"]
[SourceTitle "playchess.com"]
[Source "ChessBase"]
[SourceQuality "1"]
[TimeControl "40/6000:3000+30"]

1. e4 e6 2. d4 d5 3. Nd2 Nf6 4. Bd3 c5 5. e5 Nfd7 6. c3 Nc6 7. Ngf3 h5 8. Be2 Be7 9. h4 Qc7 10. O-O Nf8 11. Re1 Bd7 12. c4 cxd4 13. cxd5 exd5 14. Nb3 Ne6 15. Nbxd4 Ncxd4 16. Nxd4 Qxe5 17. Nxe6 fxe6 18. Bg5 g6 19. Bf3 Qg7 20. Bxd5 Bxg5 21. hxg5 O-O-O 22. Be4 Kb8 23. Qd6+ Ka8 24. Qc7 Rb8 25. Rad1 Rh7 26. Rd6 Qe7 27. Red1 Be8 28. Qa5 Rc8 29. Ra6 Qc5 30. Qxc5 1-0

[Event "4NCL 2019-20"]
[Site "Daventry"]
[Date "2020.02.09"]
[Round "6"]
[White "Sarakauskas, Gediminas"]
[Black "Navarro Cia, Miguel"]
[Result "1-0"]
[ECO "B03"]
[WhiteElo "2433"]
[BlackElo "2256"]
[Annotator "ChessBase"]
[PlyCount "77"]
[EventDate "2020.01.11"]
[EventCountry "ENG"]
[SourceTitle "playchess.com"]
[Source "ChessBase"]
[SourceQuality "1"]
[TimeControl "40/6000:3000+30"]

1. e4 Nf6 2. e5 Nd5 3. d4 d6 4. c4 Nb6 5. exd6 cxd6 6. Nc3 g6 7. Be3 Bg7 8. Rc1 O-O 9. b3 Bf5 10. Be2 d5 11. c5 Nc8 12. Bf3 e5 13. Bxd5 exd4 14. Bxb7 dxe3 15. Qxd8 Rxd8 16. Bxa8 Na6 17. Nge2 Ne7 18. Be4 Nxc5 19. Bxf5 Nxf5 20. O-O exf2+ 21. Rxf2 Nd3 22. Rd1 Bd4 23. Nxd4 Nxf2 24. Kxf2 Rxd4 25. Rxd4 Nxd4 26. Ke3 Nc2+ 27. Kd2 Nb4 28. a3 Nc6 29. Kd3 Kf8 30. Nd5 h5 31. b4 Ke8 32. b5 Nd8 33. Kd4 Kd7 34. Ke5 Ne6 35. Kf6 Kd6 36. b6 Kxd5 37. bxa7 Nc7 38. Kxf7 g5 39. Kg6 1-0

[Event "4NCL 2019-20"]
[Site "Daventry"]
[Date "2020.02.09"]
[Round "6"]
[White "Greet, Andrew N"]
[Black "Paehtz, Elisabeth"]
[Result "0-1"]
[ECO "E62"]
[WhiteElo "2425"]
[BlackElo "2467"]
[Annotator "ChessBase"]
[PlyCount "60"]
[EventDate "2020.01.11"]
[EventCountry "ENG"]
[SourceTitle "playchess.com"]
[Source "ChessBase"]
[SourceQuality "1"]
[TimeControl "40/6000:3000+30"]

1. d4 Nf6 2. c4 g6 3. g3 Bg7 4. Bg2 O-O 5. Nc3 d6 6. Nf3 Nc6 7. O-O e5 8. d5 Nb8 9. Ne1 a5 10. a3 Nbd7 11. Nd3 Nb6 12. c5 dxc5 13. Nxc5 Qe7 14. N5e4 Nxe4 15. Nxe4 f5 16. d6 cxd6 17. Qxd6 Qxd6 18. Nxd6 Be6 19. Nxb7 e4 20. a4 Rfb8 21. Nd6 Bb3 22. f3 Be5 23. Ra3 Nxa4 24. Nc8 Bd4+ 25. Kh1 Bc5 26. Bf4 Bxa3 27. Bxb8 Rxb8 28. Na7 Bxb2 29. fxe4 fxe4 30. Nc6 Rf8 0-1

[Event "4NCL 2019-20"]
[Site "Daventry"]
[Date "2020.02.09"]
[Round "6"]
[White "Palliser, Richard J D"]
[Black "Griffiths, Ryan Rhys"]
[Result "1-0"]
[ECO "D30"]
[WhiteElo "2399"]
[BlackElo "2354"]
[Annotator "ChessBase"]
[PlyCount "81"]
[EventDate "2020.01.11"]
[EventCountry "ENG"]
[SourceTitle "playchess.com"]
[Source "ChessBase"]
[SourceQuality "1"]
[TimeControl "40/6000:3000+30"]

1. d4 Nf6 2. c4 e6 3. Nf3 c6 4. Bf4 d5 5. e3 Bd6 6. Bxd6 Qxd6 7. c5 Qe7 8. Nc3 Nbd7 9. Be2 O-O 10. O-O e5 11. b4 e4 12. Nd2 Ne8 13. b5 f5 14. bxc6 bxc6 15. Qa4 Rf6 16. Ba6 Rh6 17. Bxc8 Rxc8 18. Qxa7 Qh4 19. h3 Rc7 20. Qa8 Ndf6 21. Ne2 Qh5 22. Ng3 Qg5 23. Rfb1 f4 24. exf4 Qxf4 25. Ndf1 Rf7 26. Qb8 Qg5 27. a4 Rg6 28. a5 h5 29. Qe5 h4 30. Qxg5 Rxg5 31. Ne2 Ra7 32. Rb6 Nc7 33. Rxc6 Kf7 34. Ne3 Rh5 35. Nf4 Rh8 36. Nf5 Rha8 37. Nd6+ Ke7 38. Ng6+ Kd7 39. Ne5+ Kd8 40. Rb6 Ra6 41. Rab1 1-0

[Event "4NCL 2019-20"]
[Site "Daventry"]
[Date "2020.02.09"]
[Round "6"]
[White "Eggleston, David J"]
[Black "Dong, Bao Nghia"]
[Result "0-1"]
[ECO "C10"]
[WhiteElo "2396"]
[BlackElo "2209"]
[Annotator "ChessBase"]
[PlyCount "131"]
[EventDate "2020.01.11"]
[EventCountry "ENG"]
[SourceTitle "playchess.com"]
[Source "ChessBase"]
[SourceQuality "1"]
[TimeControl "40/6000:3000+30"]

1. e4 e6 2. d4 d5 3. Nc3 dxe4 4. Nxe4 Bd7 5. Nf3 Bc6 6. Bd3 Nd7 7. O-O Ngf6 8. Ng3 g6 9. Qe2 Bg7 10. Ne5 Nxe5 11. dxe5 Nd5 12. a3 Qh4 13. f4 a5 14. Ne4 Ne7 15. Ng5 Nf5 16. Bb5 Nd4 17. Bxc6+ Nxc6 18. g3 Qh5 19. Qxh5 gxh5 20. f5 exf5 21. Rxf5 Bxe5 22. Nxf7 Bd4+ 23. Kg2 Rf8 24. Nh6 O-O-O 25. c3 Bb6 26. Bg5 Rxf5 27. Nxf5 Rd5 28. Rf1 Re5 29. Kh3 Re2 30. Ng7 Ne5 31. Nxh5 Rxb2 32. Nf6 Bc5 33. a4 b5 34. Ne4 Bb6 35. axb5 h5 36. Nf6 Rxb5 37. Rf5 c6 38. Ne4 Nc4 39. Rf8+ Kb7 40. Rf7+ Ka6 41. Rf6 Re5 42. Nd2 Nxd2 43. Bxd2 Re2 44. Bf4 a4 45. Bd6 Kb5 46. Ba3 Bg1 47. Kh4 Rxh2+ 48. Kg5 Be3+ 49. Kg6 c5 50. Rf3 Re2 51. c4+ Kxc4 52. Kxh5 Bd4 53. g4 Re3 54. Rxe3 Bxe3 55. g5 Bd4 56. g6 Kd5 57. Kg4 c4 58. Kf3 c3 59. Ke2 Kc4 60. Bf8 Bf6 61. Be7 Bg7 62. Bd6 Kb3 63. Kd3 a3 64. Bxa3 Kxa3 65. Kc2 Kb4 66. Kd3 0-1

[Event "4NCL 2019-20"]
[Site "Daventry"]
[Date "2020.02.09"]
[Round "6"]
[White "Reimanis, Ritvars"]
[Black "Macklin, Paul"]
[Result "1-0"]
[ECO "E94"]
[WhiteElo "2370"]
[BlackElo "2341"]
[Annotator "ChessBase"]
[PlyCount "71"]
[EventDate "2020.01.11"]
[EventCountry "ENG"]
[SourceTitle "playchess.com"]
[Source "ChessBase"]
[SourceQuality "1"]
[TimeControl "40/6000:3000+30"]

1. d4 Nf6 2. c4 g6 3. Nc3 Bg7 4. e4 d6 5. Be2 O-O 6. Nf3 Na6 7. O-O e5 8. Be3 c6 9. d5 Ng4 10. Bg5 f6 11. Bh4 c5 12. Ne1 Nh6 13. Nd3 Nf7 14. a3 b6 15. b4 Bh6 16. bxc5 bxc5 17. Qa4 Kg7 18. Rab1 Nc7 19. Rb2 Bg5 20. Bxg5 fxg5 21. g4 Nh6 22. f3 Ng8 23. Rd1 Rf6 24. Rdb1 Ba6 25. Nc1 Ne7 26. Qa5 Rf8 27. a4 Nc8 28. Rb8 Rxb8 29. Rxb8 Qd7 30. Nb5 Bxb5 31. Rb7 Rf7 32. cxb5 h5 33. h3 h4 34. Nb3 Kh6 35. Nd2 Qe7 36. Kg2 1-0

[Event "4NCL 2019-20"]
[Site "Daventry"]
[Date "2020.02.09"]
[Round "6"]
[White "Kilpatrick, Callum"]
[Black "Chapman, Terry P D"]
[Result "1-0"]
[ECO "B10"]
[WhiteElo "2363"]
[BlackElo "2241"]
[Annotator "ChessBase"]
[PlyCount "57"]
[EventDate "2020.01.11"]
[EventCountry "ENG"]
[SourceTitle "playchess.com"]
[Source "ChessBase"]
[SourceQuality "1"]
[TimeControl "40/6000:3000+30"]

1. e4 c6 2. Nf3 d5 3. exd5 cxd5 4. Ne5 a6 5. d4 g6 6. Bd3 Bg7 7. c3 f6 8. Ng4 e5 9. dxe5 fxe5 10. O-O Qh4 11. Be2 Be6 12. f4 e4 13. Be3 Nc6 14. Nd2 h5 15. Bf2 Qe7 16. Ne3 Nh6 17. Nb3 O-O-O 18. Qe1 g5 19. fxg5 Qxg5 20. Nc5 Rde8 21. Qd1 Bf7 22. Qa4 d4 23. cxd4 Bxd4 24. Nxb7 Kxb7 25. Bxa6+ Kb6 26. Rac1 Rc8 27. Bxc8 Rxc8 28. Rxc6+ Rxc6 29. Qxd4+ 1-0

[Event "4NCL 2019-20"]
[Site "Daventry"]
[Date "2020.02.09"]
[Round "6"]
[White "Taylor, Adam C"]
[Black "Hebden, Mark L"]
[Result "0-1"]
[ECO "E70"]
[WhiteElo "2361"]
[BlackElo "2434"]
[Annotator "ChessBase"]
[PlyCount "78"]
[EventDate "2020.01.11"]
[EventCountry "ENG"]
[SourceTitle "playchess.com"]
[Source "ChessBase"]
[SourceQuality "1"]
[TimeControl "40/6000:3000+30"]

1. d4 Nf6 2. c4 g6 3. Nc3 Bg7 4. e4 d6 5. Nge2 e5 6. d5 a5 7. f3 Na6 8. Be3 Nc5 9. h4 h5 10. Qd2 Ng8 11. Bxc5 dxc5 12. Rd1 Nf6 13. Nb5 O-O 14. d6 c6 15. Nc7 Ra7 16. g3 b6 17. Qg5 Nh7 18. Qe3 Qf6 19. Qb3 Rb7 20. Kf2 Qd8 21. Nc3 Bd7 22. Na4 Qb8 23. Bg2 Rd8 24. Rd3 Qa7 25. Nc3 b5 26. Rd2 Bh6 27. Re2 Nf8 28. a4 b4 29. Nb1 Ne6 30. Nxe6 Bxe6 31. Rd1 Rbd7 32. f4 Rxd6 33. Rxd6 Rxd6 34. f5 Bc8 35. Qf3 Qd7 36. Bh3 Rd3 37. Qh1 Qd4+ 38. Kg2 Rd1 39. Re1 Qxb2+ 0-1

[Event "4NCL 2019-20"]
[Site "Daventry"]
[Date "2020.02.09"]
[Round "6"]
[White "Ledger, Andrew J"]
[Black "Wall, Gavin"]
[Result "0-1"]
[ECO "C41"]
[WhiteElo "2347"]
[BlackElo "2324"]
[Annotator "ChessBase"]
[PlyCount "98"]
[EventDate "2020.01.11"]
[EventCountry "ENG"]
[SourceTitle "playchess.com"]
[Source "ChessBase"]
[SourceQuality "1"]
[TimeControl "40/6000:3000+30"]

1. e4 e5 2. Nf3 d6 3. d4 exd4 4. Nxd4 Nf6 5. Nc3 Be7 6. g3 O-O 7. Bg2 Re8 8. O-O Bf8 9. h3 c6 10. a4 Na6 11. Re1 Nb4 12. Bf4 h6 13. g4 d5 14. e5 Nh7 15. Qd2 a5 16. Rad1 f6 17. exf6 Nxf6 18. Rxe8 Qxe8 19. Re1 Qg6 20. Re2 Bc5 21. Nf3 Qf7 22. Ne5 Qf8 23. Bg3 Bd7 24. Nd1 Re8 25. c3 Na6 26. Nxd7 Nxd7 27. Ne3 Bxe3 28. Rxe3 Ndc5 29. Bd6 Qf7 30. c4 Ne4 31. Bxe4 dxe4 32. Qxa5 Qxc4 33. Qh5 Re6 34. Ba3 Qxa4 35. Qf5 Qd1+ 36. Kg2 Qd5 37. Qf8+ Kh7 38. Qf4 c5 39. b3 Re7 40. Kg3 Nc7 41. Bb2 Kg8 42. h4 Qd1 43. g5 Nd5 44. Qb8+ Kh7 45. Qd6 Qg1+ 46. Kh3 Nxe3 47. fxe3 hxg5 48. h5 Qxe3+ 49. Kg2 Rf7 0-1

[Event "4NCL 2019-20"]
[Site "Daventry"]
[Date "2020.02.09"]
[Round "6"]
[White "Chow, Samuel"]
[Black "Taylor, Martin R"]
[Result "1/2-1/2"]
[ECO "A21"]
[WhiteElo "2317"]
[BlackElo "2345"]
[Annotator "ChessBase"]
[PlyCount "34"]
[EventDate "2020.01.11"]
[EventCountry "ENG"]
[SourceTitle "playchess.com"]
[Source "ChessBase"]
[SourceQuality "1"]
[TimeControl "40/6000:3000+30"]

1. c4 f5 2. g3 Nf6 3. Bg2 g6 4. Nc3 Bg7 5. d3 d6 6. e4 e5 7. Nge2 O-O 8. O-O f4 9. gxf4 Nh5 10. f5 Qh4 11. Nd5 Na6 12. fxg6 hxg6 13. f3 c6 14. Ndc3 Nf4 15. Nxf4 exf4 16. Ne2 g5 17. Rb1 Rf6 1/2-1/2

[Event "4NCL 2019-20"]
[Site "Daventry"]
[Date "2020.02.09"]
[Round "6"]
[White "Bisby, Daniel L"]
[Black "Gordon, Stephen J"]
[Result "0-1"]
[ECO "B52"]
[WhiteElo "2314"]
[BlackElo "2504"]
[Annotator "ChessBase"]
[PlyCount "50"]
[EventDate "2020.01.11"]
[EventCountry "ENG"]
[SourceTitle "playchess.com"]
[Source "ChessBase"]
[SourceQuality "1"]
[TimeControl "40/6000:3000+30"]

1. e4 c5 2. Nf3 d6 3. Bb5+ Bd7 4. Bxd7+ Qxd7 5. O-O Nf6 6. Qe2 Nc6 7. c3 e6 8. d4 cxd4 9. cxd4 d5 10. e5 Ng8 11. Nc3 Nge7 12. Rd1 Nf5 13. Bf4 Be7 14. g4 Nh4 15. Nxh4 Bxh4 16. Rd3 f6 17. exf6 Bxf6 18. g5 Bxd4 19. Rad1 Bxc3 20. Rxd5 Qf7 21. Rd7 Qxf4 22. Qxe6+ Kf8 23. bxc3 Re8 24. Qd5 Re5 25. Qd6+ Ke8 0-1

[Event "4NCL 2019-20"]
[Site "Daventry"]
[Date "2020.02.09"]
[Round "6"]
[White "Li, Henry"]
[Black "Ansell, Simon T"]
[Result "1/2-1/2"]
[ECO "C60"]
[WhiteElo "2310"]
[BlackElo "2334"]
[Annotator "NA"]
[PlyCount "25"]
[EventDate "2020.01.11"]
[EventCountry "ENG"]
[SourceTitle "playchess.com"]
[Source "ChessBase"]
[SourceQuality "1"]
[TimeControl "40/6000:3000+30"]

1. e4 e5 2. Nf3 Nc6 3. Bb5 g6 4. d4 exd4 5. Bg5 Be7 6. Bxe7 Qxe7 7. Bxc6 dxc6 8. Qxd4 Nf6 9. O-O O-O 10. e5 Nd5 11. Nbd2 Bf5 12. Ne4 f6 13. Nxf6+ 1/2-1/2

[Event "4NCL 2019-20"]
[Site "Daventry"]
[Date "2020.02.09"]
[Round "6"]
[White "Grieve, Harry"]
[Black "Bridgeman, Niamh"]
[Result "1-0"]
[ECO "C07"]
[WhiteElo "2299"]
[BlackElo "1665"]
[Annotator "ChessBase"]
[PlyCount "73"]
[EventDate "2020.01.11"]
[EventCountry "ENG"]
[SourceTitle "playchess.com"]
[Source "ChessBase"]
[SourceQuality "1"]
[TimeControl "40/6000:3000+30"]

1. e4 e6 2. d4 d5 3. Nd2 c5 4. exd5 Qxd5 5. Ngf3 cxd4 6. Bc4 Qd7 7. O-O Nf6 8. Nb3 Nc6 9. Nbxd4 Nxd4 10. Nxd4 a6 11. Re1 Bc5 12. Be3 Qc7 13. Bb3 O-O 14. Qf3 e5 15. Nf5 Bxf5 16. Qxf5 Rfe8 17. Bg5 Qd7 18. Qxd7 Nxd7 19. Rad1 Nb6 20. a4 Kf8 21. a5 f6 22. Be3 Bxe3 23. Rxe3 Red8 24. Red3 Rxd3 25. Rxd3 Nc8 26. Rd7 Rb8 27. Rf7+ Ke8 28. Rxg7 h5 29. Be6 Kd8 30. Rd7+ Ke8 31. Rh7 Kd8 32. Rxh5 Ke7 33. Bf5 Na7 34. Rh7+ Kd6 35. Rf7 Nc6 36. Rxf6+ Kc7 37. h4 1-0

[Event "4NCL 2019-20"]
[Site "Daventry"]
[Date "2020.02.09"]
[Round "6"]
[White "Sowray, Peter J"]
[Black "Weller, Jean-Luc"]
[Result "1/2-1/2"]
[ECO "E46"]
[WhiteElo "2272"]
[BlackElo "2230"]
[Annotator "ChessBase"]
[PlyCount "57"]
[EventDate "2020.01.11"]
[EventCountry "ENG"]
[SourceTitle "playchess.com"]
[Source "ChessBase"]
[SourceQuality "1"]
[TimeControl "40/6000:3000+30"]

1. d4 Nf6 2. c4 e6 3. Nc3 Bb4 4. e3 O-O 5. Nge2 d5 6. a3 Be7 7. cxd5 exd5 8. Nf4 c6 9. Bd3 a5 10. O-O Na6 11. f3 Nc7 12. Bd2 Ne6 13. Nxe6 Bxe6 14. Ne2 Qb6 15. Bc3 Rfd8 16. Qc2 g6 17. Kh1 Ne8 18. Rae1 Bf6 19. e4 dxe4 20. fxe4 Bg7 21. e5 c5 22. dxc5 Qxc5 23. Ng3 b5 24. Ne4 Qd5 25. Nf6+ Nxf6 26. exf6 Qxd3 27. Qxd3 Rxd3 28. fxg7 b4 29. axb4 1/2-1/2

[Event "4NCL 2019-20"]
[Site "Daventry"]
[Date "2020.02.09"]
[Round "6"]
[White "Lund, D Brett"]
[Black "Skulte, Christopher"]
[Result "1-0"]
[ECO "A16"]
[WhiteElo "2265"]
[BlackElo "2033"]
[Annotator "ChessBase"]
[PlyCount "51"]
[EventDate "2020.01.11"]
[EventCountry "ENG"]
[SourceTitle "playchess.com"]
[Source "ChessBase"]
[SourceQuality "1"]
[TimeControl "40/6000:3000+30"]

1. c4 Nf6 2. g3 d5 3. cxd5 Nxd5 4. Bg2 g6 5. Nc3 Nxc3 6. bxc3 Bg7 7. Rb1 c6 8. h4 h5 9. Nf3 O-O 10. Ng5 e5 11. Ba3 Re8 12. Qb3 Qf6 13. Ne4 Qe6 14. Nd6 Bf8 15. Nxe8 Qxe8 16. Bxf8 Kxf8 17. Qb4+ Kg7 18. Qd6 Na6 19. O-O Rb8 20. d4 exd4 21. Qxd4+ Kh7 22. Qxa7 Qxe2 23. Rfe1 Qxa2 24. Bf1 b5 25. Ra1 Qd2 26. Qxf7+ 1-0

[Event "4NCL 2019-20"]
[Site "Daventry"]
[Date "2020.02.09"]
[Round "6"]
[White "Mitchell, Martin"]
[Black "Quinn, John M"]
[Result "1/2-1/2"]
[ECO "E73"]
[WhiteElo "2207"]
[BlackElo "2139"]
[Annotator "ChessBase"]
[PlyCount "70"]
[EventDate "2020.01.11"]
[EventCountry "ENG"]
[SourceTitle "playchess.com"]
[Source "ChessBase"]
[SourceQuality "1"]
[TimeControl "40/6000:3000+30"]

1. d4 Nf6 2. c4 g6 3. Nc3 Bg7 4. e4 d6 5. Be2 O-O 6. Be3 Na6 7. g4 c5 8. d5 e6 9. g5 Ne8 10. Qd2 exd5 11. cxd5 Bd7 12. h4 Rb8 13. h5 b5 14. f4 f5 15. hxg6 hxg6 16. Bf3 b4 17. Nd1 Qe7 18. Qh2 Kf7 19. Qg2 Nec7 20. Ne2 Rh8 21. Ng3 Rxh1+ 22. Qxh1 Rh8 23. Qg2 Nb5 24. exf5 gxf5 25. Be2 Nac7 26. Nh5 Bd4 27. Kd2 Kg6 28. Nf6 Bxf6 29. gxf6+ Kxf6 30. Nf2 Qg7 31. Qxg7+ Kxg7 32. Bc4 Ne8 33. a4 Nbc7 34. Rg1+ Kf6 35. b3 Rh2 1/2-1/2

[Event "4NCL 2019-20"]
[Site "Daventry"]
[Date "2020.02.09"]
[Round "6"]
[White "Bukojemski, Adam"]
[Black "Colovic, Aleksandar"]
[Result "1/2-1/2"]
[ECO "B53"]
[WhiteElo "2201"]
[BlackElo "2443"]
[Annotator "ChessBase"]
[PlyCount "85"]
[EventDate "2020.01.11"]
[EventCountry "ENG"]
[SourceTitle "playchess.com"]
[Source "ChessBase"]
[SourceQuality "1"]
[TimeControl "40/6000:3000+30"]

1. e4 c5 2. Nf3 d6 3. d4 cxd4 4. Qxd4 Nc6 5. Qe3 Nf6 6. h3 e6 7. c4 Be7 8. Nc3 O-O 9. Be2 b6 10. O-O Bb7 11. Rd1 Qc7 12. Bd2 a6 13. Rac1 Ne5 14. Nd4 Rac8 15. f4 Ned7 16. Bf3 Qb8 17. b3 Ne5 18. Na4 Nxf3+ 19. gxf3 Nd7 20. Bb4 Rfe8 21. f5 Bf6 22. fxe6 fxe6 23. Ne2 d5 24. Be1 b5 25. Bg3 Qa8 26. cxb5 Rxc1 27. Rxc1 dxe4 28. bxa6 Bd5 29. a7 exf3 30. Rc7 fxe2 31. Rxd7 Qc6 32. Nb6 Bh1 33. Qxe2 Qxb6+ 34. Kxh1 Qc6+ 35. Qg2 Qxd7 36. Bb8 Qd1+ 37. Kh2 Qe1 38. a8=Q Be5+ 39. Bxe5 Qxe5+ 40. Kg1 Qe1+ 41. Kh2 Qe5+ 42. Kh1 Qe1+ 43. Kh2 1/2-1/2

[Event "4NCL 2019-20"]
[Site "Daventry"]
[Date "2020.02.09"]
[Round "6"]
[White "Wall, Tim P"]
[Black "Rogers, Jonathan W"]
[Result "1/2-1/2"]
[ECO "D00"]
[WhiteElo "2201"]
[BlackElo "2335"]
[Annotator "ChessBase"]
[PlyCount "74"]
[EventDate "2020.01.11"]
[EventCountry "ENG"]
[SourceTitle "playchess.com"]
[Source "ChessBase"]
[SourceQuality "1"]
[TimeControl "40/6000:3000+30"]

1. d4 Nf6 2. Nc3 d5 3. Bf4 e6 4. e3 a6 5. Bd3 Bd6 6. Nf3 Bxf4 7. exf4 Qd6 8. Qd2 b6 9. Ne5 c5 10. O-O O-O 11. Qe3 c4 12. Be2 b5 13. Bf3 Bb7 14. Rfe1 Nc6 15. Rad1 Ne7 16. g4 Ne8 17. Bg2 f6 18. Nf3 Ng6 19. Ne2 Nc7 20. h4 Rae8 21. h5 Ne7 22. Ng3 Nc6 23. Re2 b4 24. Rde1 c3 25. bxc3 Nb5 26. cxb4 Qxb4 27. Rd2 Na5 28. Rd3 Nd6 29. Qd2 Qb6 30. a3 Ne4 31. Qb4 Qc7 32. Re2 Rb8 33. Qe1 Bc6 34. Rd1 Nc4 35. Nh2 f5 36. gxf5 exf5 37. f3 Nxg3 1/2-1/2

[Event "4NCL 2019-20"]
[Site "Daventry"]
[Date "2020.02.09"]
[Round "6"]
[White "Clarke, Stuart W"]
[Black "Lee, Richard W Y"]
[Result "1/2-1/2"]
[ECO "C07"]
[WhiteElo "2195"]
[BlackElo "2130"]
[Annotator "ChessBase"]
[PlyCount "65"]
[EventDate "2020.01.11"]
[EventCountry "ENG"]
[SourceTitle "playchess.com"]
[Source "ChessBase"]
[SourceQuality "1"]
[TimeControl "40/6000:3000+30"]

1. e4 e6 2. d4 d5 3. Nd2 c5 4. exd5 Qxd5 5. Ngf3 cxd4 6. Bc4 Qd6 7. O-O Nf6 8. Nb3 Nc6 9. Nbxd4 Nxd4 10. Nxd4 a6 11. Re1 Qc7 12. Qe2 Bd6 13. Bg5 O-O 14. Bd3 Qc5 15. Bxf6 gxf6 16. Rad1 Kh8 17. c3 Qe5 18. Qxe5 Bxe5 19. Nf3 Bc7 20. Re4 f5 21. Rc4 Bd8 22. a4 Bf6 23. Be2 Kg7 24. h3 Rd8 25. Rxd8 Bxd8 26. g4 fxg4 27. hxg4 Bd7 28. Ne5 Be8 29. Bf3 Rb8 30. Rb4 a5 31. Rxb7 Rxb7 32. Bxb7 Bxa4 33. Kg2 1/2-1/2